 Dungeon Crawl Stone Soup version 0.26-a0-1213-gd52f5182fe (webtiles) character file.

Game seed: 10664488811470809423

41 Azzok the Skirmisher (level 3, -11/29 HPs)
             Began as a Demonspawn Berserker on Dec 30, 2020.
             Was a Follower of Trog.
             Mangled by Sigmund
             ... wielding a +2 scythe of protection
              (16 damage)
             ... on level 2 of the Dungeon.
             The game lasted 00:01:43 (2275 turns).

Azzok the Skirmisher (Demonspawn Berserker)         Turns: 2275, Time: 00:01:44

Health: -11/29     AC:  3    Str: 18    XL:     3   Next: 32%
Magic:  3/3        EV: 12    Int:  8    God:    Trog [*.....]
Gold:   125        SH:  0    Dex: 12    Spells: 2/2 levels left

rFire    . . .     SeeInvis .   a - +0 hand axe
rCold    . . .     Faith    .   (no shield)
rNeg     . . .     Spirit   .   i - +0 leather armour
rPois    .         Reflect  .   (helmet restricted)
rElec    .         Harm     .   (no cloak)
rCorr    .         Rampage  .   (no gloves)
Will     .....                  (no boots)
Stlth    +.........             (no amulet)
HPRegen  0.09/turn              (no ring)
MPRegen  0.08/turn              (no ring)

@: berserk cooldown, slowed, very slow
A: antennae 1, powered by death 1
a: Renounce Religion, Berserk


You were on level 2 of the Dungeon.
You worshipped Trog.
Trog was aware of your devotion.
You visited 1 branch of the dungeon, and saw 2 of its levels.

You collected 125 gold pieces.

Inventory:

Hand Weapons
 a - a +0 hand axe (weapon)
Armour
 i - a +0 leather armour (worn)
Scrolls
 b - a scroll of teleportation {unknown}
 c - 2 scrolls of identify {unknown}
 f - 2 scrolls of remove curse {unknown}
 h - a scroll of fog {unknown}


   Skills:
 + Level 3.4 Fighting
 + Level 3.1 Axes
 + Level 2.3 Armour
 + Level 2.2 Dodging


You had 2 spell levels left.
You didn't know any spells.
Your spell library was empty.

Dungeon Overview and Level Annotations

Branches:
Dungeon (2/15)

Altars:

Annotations:
D:2 Sigmund


Innate Abilities, Weirdness & Mutations

You have a pair of small antennae on your head.
You regenerate a little health from kills.


Message History

You are confused.
Sigmund closely misses you.
You bump into the rock wall.
You feel a strong urge to attack something.
You bump into the rock wall.
You are no longer berserk.
You are exhausted.
You feel yourself slow down. Sigmund barely misses you.
You bump into the rock wall.
Sigmund points at himself and mumbles some strange words.
Sigmund flickers and vanishes!
Deactivating autopickup; reactivate with Ctrl-A.
You feel less confused. Something hits you. Something hits you!
Something hits you!
* * * LOW HITPOINT WARNING * * *
Something hits you!
Ouch! That really hurt!
You die...

············▒▒
·▒▒▒▒▒▒▒▒▒·▒▒ ▒·▒ ▒·▒
▒▒'▒▒ ▒▒···▒▒ ▒·▒
▒▒···{·▒▒ ▒▒▒▒·▒
▒▒··>····▒▒ ▒▒·▒▒·▒
▒······@··▒▒▒▒···▒·▒▒▒▒▒
╬······<··'·············
▒·········▒▒▒▒···▒·▒▒·▒▒
▒▒·······▒▒ ▒··▒▒·▒▒·▒
▒▒·····▒▒ ▒········▒
▒▒···▒▒ ▒▒▒▒▒·▒▒▒▒ ▒▒╬▒▒
▒·▒ ▒·▒ ▒·▒ ▒·▒ ▒·▒


There were no monsters in sight!

Vanquished Creatures
  An adder (D:2)
  An ooze (D:2)
  A leopard gecko (D:1)
  An orc (D:2)
  A giant cockroach (D:1)
  3 goblins
  3 hobgoblins
  3 jackals (D:1)
  5 bats
  3 frilled lizards
  A kobold (D:1)
  2 rats
25 creatures vanquished.

Notes
Turn   | Place    | Note
-------+----------+-------------------------------------------
     0 | D:1      | Azzok the Demonspawn Berserker began the quest for the Orb.
     0 | D:1      | Reached XP level 1. HP: 18/18 MP: 1/1
   554 | D:1      | Gained mutation: You regenerate a little health from kills.
                  | [demonic ancestry]
   554 | D:1      | Reached XP level 2. HP: 22/24 MP: 2/2
  1800 | D:2      | Gained mutation: You have a pair of small antennae on your
                  | head. [demonic ancestry]
  1800 | D:2      | Reached XP level 3. HP: 29/29 MP: 3/3
  2188 | D:2      | Noticed Sigmund
  2275 | D:2      | Mangled by Sigmund

Illustrated notes

Levels and vault maps discovered:
D:1:      onia_arrival_mini_spirals, layout_basic, skrybe_limestone_x
D:2:      layout_loops_corners, uniq_sigmund

Skill      XL: |  1  2 |
---------------+-------+-----
Dodging        | 2 |  2.2
Armour         | 2 |  2.3
Axes           | 3 |  3.1
Fighting       | |  3.4

Action                   || total
-------------------------++-------
Melee: Hand axe          ||    99
Invok: Berserk           ||     4
  Use: Potion            ||     3
Armor: Animal skin       ||     9
       Leather armour    ||     4
Dodge: Dodged            ||    75

Table legend: (Time is in decaauts)
 A = Elapsed time spent in this place.
 B = Non-inter-level travel time spent in this place.
 C = Inter-level travel time spent in this place.
 D = Time resting spent in this place.
 E = Time spent auto-exploring this place.
 F = Levels seen in this place.
 G = Mean time per level.
                   A        B        C        D        E       F      G
               +--------+--------+--------+--------+--------+-----+--------+
         Total |   2309 |   2260 |     49 |    178 |   1788 |   2 | 1154.5 |
       Dungeon |   2309 |   2260 |     49 |    178 |   1788 |   2 | 1154.5 |
               +--------+--------+--------+--------+--------+-----+--------+

Top non-repeatable levels by time:
     D:1: 1547 daAuts
     D:2: 761 daAuts
